 Dungeon Crawl Stone Soup version 0.30-a0-578-gdee14c521f (webtiles) character file.

Game seed: 4331044953351075377

968 spardeous the Nimble (level 7, 0/27 HPs)
             Began as a Felid Earth Elementalist on Dec 31, 2022.
             Was an Initiate of Gozag.
             Constricted to death by Pikel (5 damage)
             ... on level 7 of the Dungeon.
             The game lasted 00:14:38 (7619 turns).

spardeous the Nimble (Felid Earth Elementalist)     Turns: 7619, Time: 00:14:38

Health: 0/27       AC:  6    Str:  4    XL:     7   Next: 93%
Magic:  11/11      EV: 19    Int: 28    God:    Gozag
Gold:   611        SH:  0    Dex: 11    Spells: 2/10 levels left
                                        Lives:  0   Deaths: 2

rFire   . . .      SeeInvis +    (weapon unavailable)
rCold   . . .      Faith    .    (shield unavailable)
rNeg    + . .      Spirit   .    (body armour unavailable)
rPois   .          Reflect  .    (helmet unavailable)
rElec   .          Harm     .    (cloak unavailable)
rCorr   .          Rampage  .    (gloves unavailable)
Will    +....                    (boots unavailable)
Stlth   ++                       p - amulet of the acrobat
HPRegen 0.24/turn                k - ring of Hemeg {rN+ Int+9 Dex-5 Slay+3 SInv}
MPRegen 0.12/turn                u - +4 ring of protection

@: grasped by roots, constricted, quick
A: very small, claws 1, fangs 3, see invisible, speed 1, shaggy fur 2, stealthy
paws, no weapons or thrown items, no armour, multi-lived
a: Renounce Religion, Potion Petition, Call Merchant, Bribe Branch


You were on level 7 of the Dungeon.
You worshipped Gozag.
Gozag was pleased with you.
You visited 2 branches of the dungeon, and saw 8 of its levels.

You collected 720 gold pieces.
You paid 109 gold pieces to Gozag.

Inventory:

Jewellery
 k - the ring of Hemeg (left paw) {rN+ Int+9 Dex-5 Slay+3 SInv}
   (You found it on level 2 of the Dungeon)

   [ring of see invisible]

   Int:       It affects your intelligence (+9).
   Dex:       It affects your dexterity (-5).
   Slay:      It affects your accuracy & damage with ranged weapons and melee
   (+3).
   rN:        It protects you from negative energy.
   SInv:      It lets you see invisible.
 o - a ring of willpower
 p - an amulet of the acrobat (around neck)
 u - a +4 ring of protection (right paw)
 y - a +5 ring of evasion
Wands
 n - a wand of charming (1)
 z - a wand of flame (14)
Scrolls
 c - 8 scrolls of identify
 f - 2 scrolls of noise {unknown}
 g - 2 scrolls of teleportation {unknown}
 m - 3 scrolls of enchant armour
 q - 2 scrolls of brand weapon {unknown}
 s - 2 scrolls of immolation {unknown}
 t - 2 scrolls of vulnerability {unknown}
 v - 3 scrolls of fog {unknown}
 w - 3 scrolls of amnesia {unknown}
 x - a scroll of torment {unknown}
 B - a scroll of poison {unknown}
 C - a scroll of fear {unknown}
Potions
 b - 3 potions of cancellation {unknown}
 d - 2 potions of attraction {unknown}
 e - a potion of flight {unknown}
 h - a potion of might {unknown}
 j - 3 potions of brilliance {unknown}
 l - 3 potions of heal wounds {unknown}
 r - a potion of mutation {unknown}
 A - a potion of haste {unknown}


   Skills:
 - Level 13.0 Dodging
 - Level 2.6 Stealth
 - Level 2.0 Spellcasting
 + Level 0.5 Conjurations
 - Level 1.1 Transmutations
 - Level 7.0 Earth Magic


You had 2 spell levels left.
You knew the following spells:

 Your Spells              Type           Power      Damage    Failure   Level
a - Sandblast             Erth           84%        2d18      1%          1
b - Stone Arrow           Conj/Erth      48%        3d10      6%          3
c - Petrify               Tmut/Erth      25%        N/A       17%         4

Your spell library contained the following spells:

 Spells                   Type           Power      Damage    Failure   Level
 Passwall                 Tmut/Erth      20%        N/A       2%          2
 Sublimation of Blood     Necr           2%         N/A       14%         2
 Ignite Poison            Fire/Tmut/Pois 4%         N/A       24%         3
 Kindle Blastsparks       Fire/Tloc/Air  4%         2d10      26%         3
 Irradiate                Conj/Tmut      3%         3d12      87%         5
 Freezing Cloud           Conj/Ice/Air   1%         6-21      93%         5


Dungeon Overview and Level Annotations

Branches:
Dungeon (7/15)             Temple (1/1) D:5

Altars:
Dithmenos
Elyvilon
Fedhas
Gozag
Hepliaklqana
Kikubaaqudgha
Nemelex Xobeh
Sif Muna
Vehumet
Wu Jian
Xom
Yredelemnul
Zin
The Shining One

Shops:
D:6 (

Annotations:
D:7 Pikel


Innate Abilities, Weirdness & Mutations

You have sharp claws.
You have razor-sharp teeth.
You have supernaturally acute eyesight. (SInv)
You cover ground quickly. (Speed+)
You are covered in thick fur. (AC +2)
Your paws help you pounce on unaware monsters.
You are incapable of wielding weapons or throwing items.
You cannot wear armour.
You gain extra lives every three experience levels.


Message History

Confirm with . or Enter, or press ? or * to list all spells.
Aiming: Sandblast (safe; 1% risk of failure)
Press: ? - help, Shift-Dir - straight line, f/p - Pikel
Aim: Pikel, wielding a +1 whip of electrocution, wearing a +0 robe and carrying a wand of roots (7) (severely wounded, petrified, 100% to hit)
The blast of sand hits Pikel!
Pikel is almost dead.
Pikel is no longer petrified.
The lemure hits you.
Casting: Sandblast (safe; 1% risk of failure)
Confirm with . or Enter, or press ? or * to list all spells.
You don't have enough magic to cast this spell.
Unknown command.
Pikel zaps a wand.
The roots erupt in riotous growth!
The grasping roots grab you!
The lemure is unaffected.
The grasping roots constrict you!
You escape the roots grasp.
Casting: Sandblast (safe; 1% risk of failure)
Confirm with . or Enter, or press ? or * to list all spells.
Aiming: Sandblast (safe; 1% risk of failure)
Press: ? - help, Shift-Dir - straight line, f/p - Pikel
Aim: Pikel, wielding a +1 whip of electrocution, wearing a +0 robe and carrying a wand of roots (6) (severely wounded, 81% to hit)
The blast of sand hits the lemure!
The lemure is severely wounded.
Pikel zaps a wand.
The roots erupt in riotous growth!
The grasping roots grab you!
The lemure is unaffected.
The grasping roots constrict you. The lemure hits you but does no damage.
Pikel says, "Hell isn't that bad."
The grasping roots constrict you!
* * * LOW HITPOINT WARNING * * *
Casting: Sandblast (safe; 1% risk of failure)
Confirm with . or Enter, or press ? or * to list all spells.
You don't have enough magic to cast this spell.
Casting: Sandblast (safe; 1% risk of failure)
Confirm with . or Enter, or press ? or * to list all spells.
You don't have enough magic to cast this spell.
Unknown command.
Magic courses through your body. The lemure completely misses you.
The grasping roots constrict you.
You die...
Your body crumbles into a pile of gold.

.).......##.......#
>..##....##.......#
....####....#.....#
...## ###..##....#
...## #.........##
....###.)........###
...................#
.................###
......^.........@5.##
#................K.5###
#................##5..#
..............#.##....#
.............##.#....##
....#........#..#...##
.. ... ...55### ..
...... .......


You could see Pikel and 3 lemures.

Vanquished Creatures
  A hornet (D:7)
  2 steam dragons (D:5)
  A water moccasin (D:5)
  A black bear (D:5)
  2 ice beasts
  An ogre (D:6)
  A centaur (D:5)
  2 phantoms (D:4)
  A lemure (D:7)
  A kobold brigand (D:7)
  2 necrophages
  4 scorpions
  A bullfrog (D:7)
  A wight (D:7)
  A lava snake (D:7)
  4 hounds
  A jelly (D:7)
  A gnoll bouda (D:4)
  2 iguanas
  3 orc wizards
  9 gnolls
  4 adders
  2 white imps (D:7)
  A worm (D:3)
  3 dart slugs
  20 orcs
  4 ball pythons
  3 bats (D:1)
  7 endoplasms
  2 giant cockroaches
  6 goblins
  4 hobgoblins
  2 jackals (D:3)
  A quokka (D:3)
  2 frilled lizards
  12 kobolds
  7 rats
122 creatures vanquished.

Vanquished Creatures (others)
  An orc (D:7)
  12 fungi (D:5)
  2 plants (D:7)
15 creatures vanquished.

Grand Total: 137 creatures vanquished

Notes
Turn   | Place    | Note
-------+----------+-------------------------------------------
     0 | D:1      | spardeous the Felid Earth Elementalist began the quest for
                  | the Orb.
     0 | D:1      | Reached XP level 1. HP: 7/7 MP: 4/4
   292 | D:1      | Reached XP level 2. HP: 11/11 MP: 3/6
   946 | D:2      | Identified the ring of Hemeg {rN+ Int+9 Dex-5 Slay+3 SInv}
  1144 | D:2      | Reached XP level 3. HP: 14/14 MP: 5/7
  2222 | D:3      | Learned a level 3 spell: Stone Arrow
  2591 | D:4      | Reached XP level 4. HP: 18/18 MP: 5/8
  2728 | D:4      | Noticed a scorpion
  2731 | D:4      | Killed a scorpion
  2732 | D:4      | Reached skill level 5 in Earth Magic
  2732 | D:4      | Reached XP level 5. HP: 21/21 MP: 5/9
  2737 | D:4      | Learned a level 4 spell: Petrify
  2924 | D:4      | Noticed a phantom
  2927 | D:4      | Killed a phantom
  2928 | D:4      | Gained mutation: You are covered in thick fur. (AC +2)
                  | [Felid growth]
  2928 | D:4      | Reached XP level 6. HP: 24/24 MP: 5/10
  3524 | D:5      | Entered Level 5 of the Dungeon
  3525 | D:5      | Noticed a water moccasin
  3530 | D:5      | Killed a water moccasin
  3531 | D:5      | Reached skill level 4 in Dodging
  3531 | D:5      | Reached XP level 7. HP: 11/27 MP: 3/11
  3715 | D:5      | Found a staircase to the Ecumenical Temple.
  3875 | D:5      | Reached skill level 5 in Dodging
  4051 | D:5      | Reached skill level 6 in Dodging
  4202 | D:5      | Noticed a steam dragon
  4204 | D:5      | Noticed a steam dragon
  4504 | D:5      | Killed a steam dragon
  4505 | D:5      | Reached skill level 7 in Dodging
  4744 | D:5      | Reached skill level 8 in Dodging
  4745 | D:5      | Reached XP level 8. HP: 29/31 MP: 4/12
  5083 | D:5      | Reached skill level 9 in Dodging
  5324 | Temple   | Entered the Ecumenical Temple
  5386 | Temple   | Became a worshipper of Gozag Ym Sagoz the Greedy
  5697 | D:6      | Found Vuzit's Antique Weapon Shop.
  5716 | D:6      | Reached skill level 10 in Dodging
  6209 | D:6      | Reached skill level 11 in Dodging
  6842 | D:7      | Noticed a hornet
  6856 | D:7      | Slain by an orc
  6857 | D:7      | Reached XP level 7. HP: -2/27 MP: 11/11
  6957 | D:7      | Noticed Pikel
  6987 | D:7      | Constricted to death by Pikel
  6988 | D:7      | Reached XP level 6. HP: -2/24 MP: 8/10
  7009 | D:7      | Reached skill level 12 in Dodging
  7009 | D:7      | Reached XP level 7. HP: 27/27 MP: 7/11
  7307 | D:7      | Paralysed by a hornet for 1 turns
  7308 | D:7      | Killed a hornet
  7309 | D:7      | Reached skill level 13 in Dodging
  7451 | D:7      | Found a blossoming altar of Fedhas.
  7619 | D:7      | Constricted to death by Pikel

Illustrated notes

Levels and vault maps discovered:
D:1:      dpeg_arrival_chambers_temple_mockup, layout_rooms,
          minmay_split_cup_small
D:2:      layout_loops_ring
D:3:      layout_basic
D:4:      layout_loops_cross
D:5:      kennysheep_steamy, layout_loops_ring, minmay_temple_entry_mist,
          kennysheep_generic_room_11
D:6:      layout_cave_pods, serial_shops, nicolae_shop_hallway_plus,
          kennysheep_big_empty_room
D:7:      layout_cave_pools, fedhas_ov_isle_minmay,
          kennysheep_opposing_triangles, uniq_pikel
Temple:   nicolae_temple_god_jail

Skill      XL: |  1  2  3  4  5  6  7  8 |
---------------+-------------------------+-----
Earth Magic    | 3 4 5 6 7 |  7.0
Dodging        | 12 13 11 | 13.0
Stealth        | |  2.6
Spellcasting   | |  2.0
Conjurations   | |  0.5
Transmutations | |  1.1

Action                   |  1- 3 |  4- 6 |  7- 9 || total
-------------------------+-------+-------+-------++-------
Melee: Unarmed           |     9 |       |       ||     9
 Cast: Sandblast         |    89 |    31 |   113 ||   233
       Stone Arrow       |       |     6 |    12 ||    18
       Petrify           |       |       |    13 ||    13
  Use: Potion            |       |       |     6 ||     6
       Scroll            |       |       |     1 ||     1
 Stab: Sleeping          |     1 |       |       ||     1
Armor: Skin              |     2 |     3 |     7 ||    12
Dodge: Dodged            |    49 |     3 |    73 ||   125

Table legend: (Time is in decaauts)
 A = Elapsed time spent in this place.
 B = Non-inter-level travel time spent in this place.
 C = Inter-level travel time spent in this place.
 D = Time resting spent in this place.
 E = Time spent auto-exploring this place.
 F = Levels seen in this place.
 G = Mean time per level.
                   A        B        C        D        E       F      G
               +--------+--------+--------+--------+--------+-----+--------+
         Total |   6791 |   6414 |    377 |    276 |   5086 |   8 |  848.9 |
       Dungeon |   6724 |   6377 |    347 |    276 |   5067 |   7 |  960.6 |
        Temple |     66 |     36 |     30 |      0 |     19 |   1 |   66.0 |
               +--------+--------+--------+--------+--------+-----+--------+

Top non-repeatable levels by time:
     D:5: 1436 daAuts
     D:6: 1079 daAuts
     D:4: 1050 daAuts
     D:3: 1003 daAuts
     D:7: 875 daAuts
     D:1: 687 daAuts
     D:2: 592 daAuts
  Temple: 66 daAuts
